 Dungeon Crawl Stone Soup version 0.25-a0-990-g0adbbaad2a (webtiles) character file.

Game seed: 5587960943187007304, levelgen mode: deterministic

55 P0NYSLAYSTATION the Slasher (level 3, -5/33 HPs)
             Began as a Minotaur Monk on May 10, 2020.
             Killed by divine providence
             ... invoked by an orc priest
              (16 damage)
             ... on level 4 of the Dungeon.
             The game lasted 00:04:46 (1070 turns).

P0NYSLAYSTATION the Slasher (Minotaur Monk)         Turns: 1070, Time: 00:04:46

Health: -5/33      AC:  2    Str: 15    XL:     3   Next: 67%
Magic:  2/2        EV: 13    Int:  7    God:
Gold:   78         SH:  0    Dex: 13    Spells: 2/2 levels left

rFire    . . .     SeeInvis .   a - +0 falchion
rCold    . . .     Gourm    .   (no shield)
rNeg     . . .     Faith    .   b - +0 robe
rPois    .         Spirit   .   (helmet restricted)
rElec    .         Reflect  .   (no cloak)
rCorr    .         Harm     .   (no gloves)
MR       .....                  (no boots)
Stlth    ++........             (no amulet)
HPRegen  0.11/turn              (no ring)
MPRegen  0.08/turn              (no ring)

@: no status effects
A: retaliatory headbutt, horns 2
a: no special abilities


You were on level 4 of the Dungeon.
You were hungry.

You visited 1 branch of the dungeon, and saw 4 of its levels.

You collected 78 gold pieces.

Inventory:

Hand Weapons
 a - a +0 falchion (weapon)
 d - a +0 whip of holy wrath
Missiles
 e - 3 boomerangs (quivered)
 f - 21 sling bullets
 n - 4 javelins
Armour
 b - a +0 robe (worn)
Magical Staves
 o - an uncursed staff of conjuration {unknown}
Jewellery
 p - an uncursed ring of flight {unknown}
Scrolls
 k - a scroll of remove curse {unknown}
 l - 2 scrolls of teleportation {unknown}
Potions
 h - a potion of brilliance {unknown}
 i - 2 potions of ambrosia {unknown}
 j - a potion of mutation {unknown}
 m - a potion of berserk rage {unknown}
Comestibles
 c - 4 rations
 g - 6 chunks of flesh


   Skills:
 + Level 4.3 Fighting
 + Level 4.3 Long Blades
 * Level 1.3 Armour
 + Level 3.6 Dodging
 + Level 1.9 Stealth


You had 2 spell levels left.
You didn't know any spells.
Your spell library was empty.

Dungeon Overview and Level Annotations

Branches:
Dungeon (4/15)
 Temple: D:4-7

Altars:
Qazlal

Annotations:
D:4 Ijyb


Innate Abilities, Weirdness & Mutations

You reflexively headbutt those who attack you in melee.
You have a pair of horns on your head.


Message History

The worker ant closely misses you.
You closely miss the worker ant.
The worker ant is almost dead.
The orc shouts!
An orc priest comes into view. It is wielding a +0 flail.
The worker ant bites you!
You hit the worker ant but do no damage.
You headbutt the worker ant.
You kill the worker ant!
An orc comes into view. It is wielding a +0 dagger.
The orc priest calls down the wrath of Beogh upon you.
Beogh smites you!
You see here a worker ant corpse.
You butcher the worker ant corpse.
You see here 3 chunks of flesh.
g - 6 chunks of flesh (gained 3)
The orc shouts!
The orc priest calls down the wrath of Beogh upon you.
Beogh smites you!
You die...

.........#
.........# ## .
.........##. ..
..# .o.........
.# ...
..........##.#
#.#
...o.........#
............####
.....o.@........
#
##..##.#.###....
. #..#... .
...##..... .###
#....... #
#.......
........
###.....


You could see an orc priest and 2 orcs.

Vanquished Creatures
  A worker ant (D:4)
  An adder (D:4)
  A worm (D:3)
  A leopard gecko (D:1)
  3 bats
  A giant cockroach (D:2)
  A hobgoblin (D:1)
  4 jackals (D:3)
  A goblin (D:3)
  2 kobolds
  4 rats
20 creatures vanquished.

Notes
Turn   | Place    | Note
-------+----------+-------------------------------------------
     0 | D:1      | P0NYSLAYSTATION the Minotaur Monk began the quest for the
                  | Orb.
     0 | D:1      | Reached XP level 1. HP: 19/19 MP: 0/0
   195 | D:2      | Found a stormy altar of Qazlal.
   318 | D:1      | Reached XP level 2. HP: 20/27 MP: 1/1
   790 | D:4      | Reached skill level 1 in Armour
   790 | D:4      | Reached XP level 3. HP: 15/33 MP: 2/2
   998 | D:4      | Noticed Ijyb
  1070 | D:4      | Killed from afar by an orc priest

Illustrated notes

Levels and vault maps discovered:
D:1:      dpeg_arrival_renting, layout_basic, minmay_distorted
D:2:      layout_loops_corners, grunt_qazlal_sundering
D:3:      layout_rooms
D:4:      layout_rooms, trog_eyes_of_draining, serial_shops, shop, uniq_edmund,
          uniq_ijyb

Skill      XL: |  1  2 |
---------------+-------+-----
Fighting       | 4 |  4.3
Long Blades    | 4 |  4.3
Armour         | 1 |  1.3
Dodging        | |  3.6
Stealth        | |  1.9

Action                   || total
-------------------------++-------
Melee: Falchion          ||    53
       Headbutt          ||     9
 Stab: Sleeping          ||     3
Armor: Robe              ||     7
Dodge: Dodged            ||    39
       Rpst.: Falchion   ||    13

Table legend:
 A = Non-vault XP
 B = Vault XP
 C = Vault XP percentage of total XP
 D = Non-vault monster count
 E = Vault monster count
 F = Vault count percentage of total count
                 A         B        C        D         E       F
            +---------+---------+-------+---------+---------+-------
      Total |      79 |       0 |   0.0 |      20 |       0 |   0.0
            +---------+---------+-------+---------+---------+-------
        D:1 |       6 |       0 |   0.0 |       3 |       0 |   0.0
        D:2 |       6 |       0 |   0.0 |       4 |       0 |   0.0
        D:3 |      21 |       0 |   0.0 |      11 |       0 |   0.0
        D:4 |      46 |       0 |   0.0 |       2 |       0 |   0.0
            +---------+---------+-------+---------+---------+-------
